 Dungeon Crawl Stone Soup version 0.28.0-53-g5a82cb258f (webtiles) character file.

Game seed: 1946472213262581570

28 protoss039 the Digger (level 3, 26/26 HPs)
             Began as a Demonspawn Earth Elementalist on June 16, 2022.
             Got out of the dungeon alive.
             The game lasted 00:01:32 (1313 turns).

protoss039 the Digger (DsEE)                        Turns: 1313, Time: 00:01:32

Health: 26/26      AC:  4    Str:  8    XL:     3   Next: 0%
Magic:  6/6        EV: 12    Int: 18    God:
Gold:   21         SH:  0    Dex: 13    Spells: 3/6 levels left

rFire   . . .      SeeInvis .   g - +0 short sword
rCold   . . .      Faith    .   (no shield)
rNeg    . . .      Spirit   .   b - +0 robe
rPois   .          Reflect  .   a - +1 helmet
rElec   .          Harm     .   (no cloak)
rCorr   .          Rampage  .   (no gloves)
Will    .....                   (no boots)
Stlth   ++........              (no amulet)
HPRegen 0.08/turn               (no ring)
MPRegen 0.10/turn               (no ring)

@: no status effects
A: demonic guardian 1, ignite blood 1
a: no special abilities


You escaped.
You visited 1 branch of the dungeon, and saw 2 of its levels.

You collected 21 gold pieces.

Inventory:

Hand Weapons
 g - a +0 short sword (weapon)
Missiles
 c - 43 stones
Armour
 a - a +1 helmet (worn)
 b - a +0 robe (worn)
Jewellery
 d - a ring of poison resistance
Scrolls
 f - a scroll of teleportation {unknown}
 h - a scroll of enchant weapon {unknown}
 i - a scroll of fog {unknown}
Potions
 e - a potion of curing {unknown}
 j - 2 potions of degeneration {unknown}


   Skills:
 * Level 1.4 Fighting
 + Level 0.8 Armour
 - Level 1.7 Dodging
 - Level 1.7 Stealth
 + Level 2.3 Spellcasting
 - Level 1.0 Transmutations
 + Level 2.9 Earth Magic


You had 3 spell levels left.
You knew the following spells:

 Your Spells              Type           Power      Damage    Failure   Level
a - Sandblast             Erth           24%        2d8       5%          1
b - Passwall              Tmut/Erth      7%         N/A       12%         2

Your spell library contained the following spells:

 Spells                   Type           Power      Damage    Failure   Level
 Stone Arrow              Conj/Erth      14%        3d7       28%         3
 Petrify                  Tmut/Erth      9%         N/A       61%         4


Dungeon Overview and Level Annotations

Branches:
Dungeon (2/15)

Altars:


Innate Abilities, Weirdness & Mutations

A weak demonic guardian rushes to your aid.
Your demonic aura sometimes causes spilled blood to erupt in flames.


Message History

Done exploring.
Done exploring.
No target in view!
Done exploring.
Done exploring.
No target in view!
Done exploring.
Search for what [Enter for "."]? .
Done exploring.
There is a stone staircase leading down here.
Memorise Passwall, consuming 2 spell levels and leaving 2?
You start memorising the spell.
You continue memorising. x2
You finish memorising.
Spell assigned to 'b'.
You climb downwards.
The hobgoblin shouts!
Found an escape hatch in the ceiling.
There is a stone staircase leading up here.
Unknown command.
You barely miss the hobgoblin.
The hobgoblin hits you but does no damage.
You hit the hobgoblin.
The hobgoblin is severely wounded.
The hobgoblin is engulfed in blazing flames.
You kill the hobgoblin!
You have reached level 3!
Your experience leads to an increase in your attributes!
Increase (S)trength, (I)ntelligence, or (D)exterity?
You feel clever. x2; Your demonic ancestry asserts itself...
You feel the presence of a demonic guardian.
You climb upwards.
There is a stone staircase leading down here.
Unknown command.
You can't go up here!
You see here a +0 mace.
You enter the shallow water.
Moving in this stuff is going to be slow.
There is a large open door here.
There is a staircase leading out of the dungeon here.
Are you sure you want to leave the Dungeon?
This will make you lose the game!
You have escaped!

##.#.#....#..# #.# #.# #
###.##...#..# #.######.####
#.###..#..####............ #.#
#≈≈≈≈≈≈≈≈≈≈.......####
########.###≈8≈≈≈≈≈≈8≈...........
............≈≈8≈≈≈≈8≈≈..#########
########.###≈≈≈####≈≈§..# # # #.#
#≈≈≈#..'≈≈≈..# # # #.#
#§≈≈#@.'≈≈≈..# ## #
#.###≈≈≈####≈≈§..# #. #
#....≈≈8≈§§§8≈≈..# #. #
#####≈8≈≈§§§≈8≈### ####. #
#≈≈≈≈≈§§≈≈≈# #.... #
###..#####.##### #.... # ##>#
#.....# #.... #.# #####.# ####.
#.# #.# #.


There were no monsters in sight!

Vanquished Creatures
  2 dart slugs (D:1)
  A giant cockroach (D:1)
  A goblin (D:1)
  7 hobgoblins
  3 kobolds (D:1)
  2 ball pythons (D:1)
  2 bats (D:1)
  4 rats (D:1)
22 creatures vanquished.

Notes
Turn   | Place    | Note
-------+----------+-------------------------------------------
     0 | D:1      | protoss039 the Demonspawn Earth Elementalist began the
                  | quest for the Orb.
     0 | D:1      | Reached XP level 1. HP: 13/13 MP: 3/3
    79 | D:1      | Reached skill level 1 in Transmutations
   174 | D:1      | Gained mutation: Your demonic aura sometimes causes spilled
                  | blood to erupt in flames. [demonic ancestry]
   174 | D:1      | Reached XP level 2. HP: 9/20 MP: 0/5
   484 | D:1      | Reached skill level 1 in Fighting
  1264 | D:1      | Learned a level 2 spell: Passwall
  1268 | D:2      | Gained mutation: A weak demonic guardian rushes to your
                  | aid. [demonic ancestry]
  1268 | D:2      | Reached XP level 3. HP: 26/26 MP: 6/6
  1313 | D:$      | Got out of the dungeon alive.

Illustrated notes

Levels and vault maps discovered:
D:1:      lightli_arrival_boilingwater, layout_loops_ring
D:2:      kb_forest_paths, layout_loops_ring, basic_altar,
          basic_ecumenical_altar, minmay_pentomino_w2

Skill      XL: |  1  2 |
---------------+-------+-----
Transmutations | 1 |  1.0
Fighting       | 1 |  1.4
Armour         | |  0.8
Dodging        | |  1.7
Stealth        | |  1.7
Spellcasting   | |  2.3
Earth Magic    | |  2.9

Action                   || total
-------------------------++-------
Melee: Dagger            ||     4
       Short sword       ||    56
       Punch             ||     1
 Cast: Sandblast         ||    14
 Stab: Sleeping          ||     4
Armor: Robe              ||    20
Dodge: Dodged            ||    40
